 Dungeon Crawl Stone Soup version 0.26-a0-665-gefeb406119 (webtiles) character file.

Game seed: 11235914851663946996

67704 Whiskey the Warrior (level 15, -9/137 HPs)
             Began as a Formicid Fighter on Oct 15, 2020.
             Was the Champion of Okawaru.
             Drowned by a drowned soul (12 damage)
             ... summoned by a merfolk avatar
             ... on level 6 of the Lair of Beasts.
             The game lasted 00:51:03 (21337 turns).

Whiskey the Warrior (Formicid Fighter)             Turns: 21337, Time: 00:51:04

Health: -9/137     AC: 28    Str: 21      XL:     15   Next: 67%
Magic:  15/15      EV: 15    Int: 13 (14) God:    Okawaru [******]
Gold:   1292       SH: 20    Dex: 10      Spells: 14/14 levels left

rFire    . . .     SeeInvis +   J - +2 battleaxe (elec)
rCold    . . .     Faith    .   H - +2 kite shield {AC+3}
rNeg     + . .     Spirit   .   L - +10 ring mail of Curiosity {rN+ rCorr Slay+2}
rPois    .         Reflect  +   (helmet unavailable)
rElec    +         Harm     .   K - scarf {shadows}
rCorr    +         Rampage  .   w - +1 pair of gloves {archery}
MR       ++...                  f - +1 pair of boots {run}
Stlth    ..........             A - amulet of reflection
HPRegen  0.32/turn              O - ring of the Eight Ears {rElec MR+}
MPRegen  0.14/turn              a - +4 ring of protection

@: mesmerised, very slow
A: permanent stasis, dig shafts and tunnels, four strong arms, antennae 3,
deterioration 1
a: Dig, Shaft Self, Heroism, Finesse, Renounce Religion


You were on level 6 of the Lair of Beasts.
You worshipped Okawaru.
Okawaru was exalted by your worship.
You visited 3 branches of the dungeon, and saw 18 of its levels.
You also visited: Ossuary, Gauntlet and Volcano.

You collected 1614 gold pieces.
You spent 322 gold pieces at shops.

Inventory:

Hand Weapons
 J - a +2 battleaxe of electrocution (weapon)
   (Okawaru gifted it to you on level 6 of the Lair of Beasts)
Missiles
 b - 4 throwing nets {=f, !d}
 u - 32 javelins (quivered)
Armour
 f - a +1 pair of boots of running (worn)
   (Okawaru gifted it to you on level 6 of the Lair of Beasts)
 w - a +1 pair of gloves of archery (worn)
   (Okawaru gifted it to you on level 11 of the Dungeon)
 H - a +2 kite shield of protection (worn)
   (You bought it in a shop on level 5 of the Dungeon)
 K - a scarf of shadows (worn)
   (You found it in a Gauntlet)
 L - the +10 ring mail of Curiosity (worn) {rN+ rCorr Slay+2}
   (You found it on level 9 of the Dungeon)

   It affects your accuracy and damage with ranged weapons and melee attacks
   (+2).
   It protects you from negative energy.
   It provides partial protection from all sources of acid and corrosion.
Jewellery
 a - a +4 ring of protection (right hand)
   (You found it on level 4 of the Lair of Beasts)
 c - an uncursed ring of wizardry {Wiz+, !d}
   (You found it on level 5 of the Dungeon)
 A - an amulet of reflection (around neck)
   (You found it on level 4 of the Dungeon)
 I - an uncursed ring of poison resistance {rPois, !d}
   (You found it on level 5 of the Dungeon)
 O - the ring of the Eight Ears (left hand) {rElec MR+}
   (You took it off a minotaur in a Gauntlet)

   [ring of protection from magic]

   It insulates you from electricity.
   It affects your resistance to hostile enchantments.
Wands
 h - a wand of enslavement (13)
   (You found it on level 6 of the Lair of Beasts)
 y - a wand of disintegration (40)
   (You found it on level 3 of the Dungeon)
 R - a wand of digging (17)
   (You found it on level 7 of the Dungeon)
 T - a wand of iceblast (4)
   (You found it on level 6 of the Lair of Beasts)
Scrolls
 e - 4 scrolls of fog
 i - 7 scrolls of amnesia
 k - a scroll of enchant armour {unknown}
 l - 7 scrolls of teleportation
 m - 4 scrolls of blinking {!r}
 p - 3 scrolls of identify
 r - 6 scrolls of remove curse
 z - 5 scrolls of enchant weapon
 C - 3 scrolls of fear
Potions
 d - 2 potions of might
 g - 4 potions of ambrosia
 j - 2 potions of flight
 q - 2 potions of magic
 t - 3 potions of stabbing
 v - 5 potions of invisibility
 x - 2 potions of curing
 M - a potion of brilliance
 P - a potion of cancellation
 X - 2 potions of mutation {!q}


   Skills:
 + Level 18.3 Fighting
 + Level 12.7 Axes
 - Level 9.0 Armour
 + Level 9.7 Dodging
 + Level 14.9 Shields
 * Level 0.4 Invocations


You had 14 spell levels left.
You didn't know any spells.
Your spell library contained the following spells:

 Spells                   Type           Power        Failure   Level
 Foxfire                  Conj/Fire      #...         43%         1
 Shock                    Conj/Air       #...         43%         1
 Sting                    Tmut/Pois      #...         43%         1
 Poisonous Vapours        Pois/Air       #.....       56%         2
 Conjure Flame            Conj/Fire      #.......     80%         3
 Ignite Poison            Fire/Tmut/Pois #.......     80%         3
 Inner Flame              Hex/Fire       #.......     80%         3
 Mephitic Cloud           Conj/Pois/Air  #.......     80%         3
 Static Discharge         Conj/Air       #.......     80%         3
 Airstrike                Air            #.........   99%         4
 Olgreb's Toxic Radiance  Pois           #.......     99%         4
 Sticky Flame             Conj/Fire      #.......     99%         4
 Bolt of Magma            Conj/Fire/Erth #.........   100%        5
 Fireball                 Conj/Fire      #.........   100%        5
 Irradiate                Conj/Tmut      #.........   100%        5
 Iskenderun's Battlesphe  Conj           #.......     100%        5
 Lightning Bolt           Conj/Air       #.........   100%        5
 Hydra Form               Tmut           #.........   100%        6
 Iron Shot                Conj/Erth      #.........   100%        6
 Statue Form              Tmut/Erth      #........    100%        6
 Dragon Form              Tmut           #.........   100%        7
 Orb of Destruction       Conj           #.........   100%        7
 Spellforged Servitor     Conj/Summ      #.........   100%        7
 Swiftness                Air            Unusable     N/A         2

Dungeon Overview and Level Annotations

Branches:
Dungeon (11/15)            Temple (1/1) D:6            Lair (6/6) D:10
 Shoals (0/4) Lair:2        Snake (0/4) Lair:4        Slime (0/5) Lair:6
Ossuary (visited)         Volcano (visited)         Gauntlet (visited)
    Orc: D:9-12

Altars:
Ashenzari
Cheibriados
Dithmenos
Elyvilon
Fedhas
Gozag
Hepliaklqana
Kikubaaqudgha
Makhleb
Nemelex Xobeh
Okawaru
Qazlal
Ru
Sif Muna
Trog
Uskayaw
Vehumet
Wu Jian
Xom
Yredelemnul
Zin
The Shining One
Jiyva

Shops:
D:5 [   D:10 :

Annotations:
D:7 2 runed translucent doors, exclusion: orange crystal statue


Innate Abilities, Weirdness & Mutations

You cannot be hasted, slowed, berserked, paralysed or teleported.
You can dig through walls and to a lower floor.
Your four strong arms can wield two-handed weapons with a shield.
You have a pair of large antennae on your head. (SInv)
Your body sometimes deteriorates upon taking damage.


Message History

You hit the wolf. Lightning courses through the wolf!
You slash the drowned soul!
Lightning courses through the drowned soul!
You destroy the drowned soul!
The wolf splashes around in the water.
The merfolk avatar chants its luring song.
The wolf splashes around in the water.
You slice the wolf!! Lightning courses through the wolf!!
You kill the wolf!
Okawaru accepts your kill.
The merfolk avatar chants its luring song. x2
You block the drowned soul's attack.
The merfolk avatar chants its luring song.
The drowned soul touches you. The drowned soul drowns you!
You see here a book of the Sky.
You take 11 damage, and have 53/137 hp.
You closely miss the merfolk avatar. You slash the drowned soul!
Lightning courses through the drowned soul!
You destroy the drowned soul!
You slash the drowned soul! The drowned soul touches you.
The drowned soul drowns you!
* * * LOW HITPOINT WARNING * * *
Your body deteriorates!
You feel dopey.
You take 14 damage, and have 39/137 hp.
Okay, then.
You cannot move away from the merfolk avatar!
Unknown command.
Okay, then.
You gain the combat prowess of a mighty hero.
The merfolk avatar chants its luring song.
You block the drowned soul's attack.
You now have 13/15 mp.
You slash the merfolk avatar! You slash the drowned soul!
You hit the drowned soul. You block the drowned soul's attack.
The merfolk avatar chants its luring song.
The drowned soul touches you. The drowned soul drowns you!
* * * LOW HITPOINT WARNING * * *
You take 15 damage, and have 24/137 hp.
You feel better. You block the drowned soul's attack.
You regained 12 hp, and now have 36/137 hp.
You feel better. The drowned soul touches you. The drowned soul drowns you!
* * * LOW HITPOINT WARNING * * *
The merfolk avatar chants its luring song.
You closely miss the merfolk avatar. You slice the merfolk avatar!!
The merfolk avatar chants its luring song.
Your unstable footing causes you to fumble your attack.
You slash the merfolk avatar! You closely miss the drowned soul.
You slice the drowned soul!!
Lightning courses through the drowned soul!!
You destroy the drowned soul!
The merfolk avatar chants its luring song.
You slice the merfolk avatar!! You closely miss the drowned soul.
The drowned soul touches you.
* * * LOW HITPOINT WARNING * * *
The drowned soul drowns you!
* * * LOW HITPOINT WARNING * * *
The merfolk avatar chants its luring song.
You take 13 damage, and have 25/137 hp.
You closely miss the merfolk avatar.
The merfolk avatar chants its luring song.
You feel better. The drowned soul touches you. The drowned soul drowns you!
* * * LOW HITPOINT WARNING * * *
You take 3 damage, and have 23/137 hp.
You hit the merfolk avatar. You slash the drowned soul!
The merfolk avatar chants its luring song.
You block the drowned soul's attack.
You hit the merfolk avatar. You closely miss the drowned soul.
You slice the drowned soul!!
You destroy the drowned soul!
You feel like a meek peon again. You block the drowned soul's attack.
The merfolk avatar chants its luring song.
You barely miss the merfolk avatar. You barely miss the drowned soul.
The drowned soul touches you. The drowned soul drowns you!
* * * LOW HITPOINT WARNING * * *
You take 12 damage, and have 11/137 hp.
You feel better.
The merfolk avatar chants its luring song.
You block the drowned soul's attack.
You regained 7 hp, and now have 18/137 hp.
MP restored: 15 You feel better.
The merfolk avatar chants its luring song.
You block the drowned soul's attack. The drowned soul touches you.
The drowned soul drowns you!
* * * LOW HITPOINT WARNING * * *
You take 5 damage, and have 13/137 hp.
You feel better. The drowned soul touches you. The drowned soul drowns you!
* * * LOW HITPOINT WARNING * * *
The merfolk avatar chants its luring song.
You take 9 damage, and have 4/137 hp.
As you read the scroll of fear, it crumbles to dust.
You assume a fearsome visage.
The drowned soul is unaffected.
The merfolk avatar resists with almost no effort.
The merfolk avatar chants its luring song.
The drowned soul touches you.
* * * LOW HITPOINT WARNING * * *
The drowned soul drowns you!
You die...

#.#####≈≈≈ #
≈≈≈≈≈≈≈≈≈≈≈#≈≈# .# #
≈≈≈≈≈≈#≈≈≈≈#≈≈##.# ####
≈≈≈≈≈≈≈≈≈≈≈#≈≈≈≈≈.##..#
≈≈≈=?(!≈#≈≈.≈≈≈≈..#...(
≈≈≈"≈≈!≈≈≈≈#≈≈##.......
≈≈≈$≈m(≈≈#≈.≈P.#≈......
≈≈≈[[)@≈≈≈≈#≈≈≈≈......#
≈≈≈≈≈≈≈≈≈≈≈#≈≈≈≈≈.#..##
≈≈≈≈≈≈≈≈≈≈≈#≈≈##≈...##
≈≈≈≈≈≈≈≈≈≈.#≈≈##≈..##
###≈≈≈≈#####≈≈≈≈...#
≈≈≈≈≈≈≈ #≈≈≈≈...#
≈≈≈8.≈≈ #≈≈.....# # #≈.
≈≈≈≈≈≈ ≈#≈≈##...####
#..≈≈ ..≈
≈#.≈≈≈≈≈....#.


You could see a merfolk avatar (mesmerising).

Vanquished Creatures
  A minotaur (Gauntlet)
  A death ooze (Gauntlet)
  Harold (D:10)
  The ghost of Whiskey the Blocker, a journeyman FoFi of Okawaru (Lair:1)
  3 hydras
  A catoblepas (Lair:6)
  A two-headed ogre (D:10)
  9 death yaks
  A dancing weapon (Lair:1)
  2 tengu warriors (D:9)
  Urug (D:10)
  2 sea snakes (Lair:6)
  2 skeletal warriors (Volcano)
  An obsidian statue (Gauntlet)
  A harpy (Lair:6)
  3 ugly things (D:11)
  A manticore (Lair:6)
  20 elephants
  4 black mambas
  2 torpor snails
  5 gargoyles
  7 komodo dragons
  12 cane toads
  5 rime drakes
  8 polar bears
  Prince Ribbit (D:4)
  2 harpy skeletons (Volcano)
  3 hornets
  2 slime creatures (Gauntlet)
  17 blink frogs
  3 flying skulls (Volcano)
  7 dream sheep (Lair:5)
  A shadow (D:6)
  A wraith (D:10)
  72 yaks
  An alligator skeleton (Volcano)
  A tarantella (shapeshifter) (D:11)
  Sigmund (D:5)
  6 wyverns
  A steam dragon (Lair:3)
  2 basilisks
  24 water moccasins
  7 orc warriors
  4 ice beasts
  4 black bears
  5 ogres
  3 sky beasts
  A phantom (D:11)
  22 wolves
  8 centaurs
  3 big kobolds
  A wyvern zombie (D:11)
  16 bullfrogs
  4 scorpions
  14 wights
  14 killer bees
  An electric eel (Lair:4)
  A howler monkey (D:5)
  2 bullfrog zombies
  A gnoll shaman (D:5)
  2 jellies (Gauntlet)
  Crazy Yiuf (D:5)
  3 bullfrog skeletons
  9 hounds
  8 orc priests
  17 orc wizards
  An iguana (D:9)
  9 worker ants
  13 hell rats
  2 naga skeletons (Volcano)
  2 hound skeletons
  8 mummies (Ossuary)
  5 gnolls
  16 adders
  5 white imps
  3 shadow imps
  2 oozes
  An adder zombie (D:5)
  An adder skeleton (D:7)
  A worm (D:2)
  2 leopard geckos
  38 orcs
  4 ball pythons
  A bat zombie (D:1)
  5 giant cockroaches
  A gnoll zombie (Ossuary)
  6 goblins
  5 hobgoblins
  8 jackals (D:3)
  14 kobolds
  2 quokkas
  4 bats
  3 frilled lizards
  2 hobgoblin zombies (Ossuary)
  A jackal skeleton (D:6)
  4 kobold zombies (Ossuary)
  2 leopard gecko zombies
  An orc zombie (Ossuary)
  A quokka skeleton (D:4)
  4 rats
  A spectral orc (D:6)
569 creatures vanquished.

Vanquished Creatures (others)
  A howler monkey (D:8)
  2 kobolds (D:11)
  62 fungi
  113 plants
178 creatures vanquished.

Grand Total: 747 creatures vanquished

Notes
Turn   | Place    | Note
-------+----------+-------------------------------------------
     0 | D:1      | Whiskey the Formicid Fighter began the quest for the Orb.
     0 | D:1      | Reached XP level 1. HP: 18/18 MP: 1/1
   277 | D:1      | Reached XP level 2. HP: 24/24 MP: 2/2
   548 | D:1      | Reached XP level 3. HP: 29/29 MP: 3/3
   755 | D:2      | Reached skill level 4 in Shields
  1022 | D:2      | Found a shadowy altar of Dithmenos.
  1101 | D:2      | Reached XP level 4. HP: 34/37 MP: 4/4
  1181 | D:2      | Reached skill level 4 in Armour
  1219 | D:2      | Reached skill level 4 in Fighting
  1425 | D:2      | Found a sacrificial altar of Ru.
  1757 | D:3      | Noticed a sky beast
  1769 | D:3      | Reached XP level 5. HP: 25/42 MP: 5/5
  1779 | D:3      | HP: 9/42 [sky beast (3)]
  1779 | D:3      | HP: 4/42 [sky beast (5)]
  1781 | D:3      | Killed a sky beast
  1781 | D:3      | Reached skill level 3 in Axes
  2159 | D:3      | Reached XP level 6. HP: 39/49 MP: 6/6
  2758 | D:3      | Found a faded altar of an unknown god.
  2832 | D:4      | Reached skill level 5 in Shields
  3144 | D:4      | Reached XP level 7. HP: 29/55 MP: 7/7
  3146 | D:4      | Reached skill level 5 in Armour
  3335 | D:4      | Reached skill level 5 in Fighting
  3615 | D:5      | Entered Level 5 of the Dungeon
  3662 | D:5      | Found a sand-covered staircase.
  3668 | Ossuary  | Entered an ossuary
  3684 | Ossuary  | Reached skill level 4 in Axes
  4231 | D:5      | Reached skill level 6 in Shields
  4251 | D:4      | Reached XP level 8. HP: 34/64 MP: 8/8
  4649 | D:5      | Found Luacs's Armour Emporium.
  4699 | D:5      | Reached skill level 6 in Armour
  4760 | D:5      | Bought a +2 kite shield of protection for 322 gold pieces
  4852 | D:5      | Found an ornate altar of the Wu Jian Council.
  4888 | D:5      | Found a hazy altar of Hepliaklqana.
  5018 | D:5      | Reached skill level 6 in Fighting
  5070 | D:5      | Noticed Sigmund
  5081 | D:5      | Killed Sigmund
  5081 | D:5      | Reached skill level 5 in Axes
  5085 | D:5      | Noticed Prince Ribbit
  5143 | D:5      | HP: 14/64 [Prince Ribbit (10)]
  5156 | D:4      | Killed Prince Ribbit
  5156 | D:4      | Reached skill level 7 in Shields
  5660 | D:5      | Reached XP level 9. HP: 69/71 MP: 9/9
  5746 | D:5      | Found a runed translucent door.
  5747 | D:5      | Noticed Crazy Yiuf
  5757 | D:5      | Killed Crazy Yiuf
  6143 | D:6      | Reached skill level 7 in Fighting
  6143 | D:6      | Reached skill level 6 in Axes
  6143 | D:6      | Reached skill level 7 in Armour
  6436 | D:6      | Reached skill level 8 in Shields
  6482 | D:6      | Found a staircase to the Ecumenical Temple.
  6527 | Temple   | Entered the Ecumenical Temple
  6810 | Temple   | Became a worshipper of Warmaster Okawaru
  6913 | D:6      | Found a basalt altar of Yredelemnul.
  7113 | D:6      | Found a glowing golden altar of the Shining One.
  7228 | D:6      | Found a radiant altar of Vehumet.
  7468 | D:7      | Reached * piety under Okawaru
  7528 | D:7      | Found a white marble altar of Elyvilon.
  7536 | D:7      | Found a blossoming altar of Fedhas.
  7560 | D:7      | Found a runed translucent door.
  7575 | D:7      | Found the +10 tower shield of Ignorance {rN+ Int-4}
  7664 | D:7      | Reached XP level 10. HP: 75/80 MP: 10/10
  7912 | D:7      | Reached skill level 8 in Fighting
  7912 | D:7      | Reached skill level 8 in Armour
  7939 | D:7      | Reached skill level 7 in Axes
  8240 | D:7      | Reached skill level 9 in Shields
  8352 | D:7      | Found a runed translucent door.
  8352 | D:7      | Noticed an orange crystal statue
  8512 | D:8      | Found a shimmering altar of Xom.
  8755 | D:8      | Reached ** piety under Okawaru
  9385 | D:9      | Got a faintly humming ring mail
  9396 | D:9      | Identified the +10 ring mail of Curiosity {rN+ rCorr
                  | Slay+2} (You found it on level 9 of the Dungeon)
  9486 | D:9      | Reached skill level 9 in Armour
  9562 | D:9      | Reached skill level 9 in Fighting
  9873 | D:9      | Reached skill level 8 in Axes
  9923 | D:9      | Noticed a tengu warrior
  9924 | D:9      | Noticed a tengu warrior
  9943 | D:9      | Killed a tengu warrior
  9943 | D:9      | Reached *** piety under Okawaru
  9943 | D:9      | Reached skill level 1 in Dodging
  9943 | D:9      | Reached skill level 10 in Shields
  9943 | D:9      | Reached XP level 11. HP: 69/89 MP: 11/11
  9949 | D:9      | HP: 15/89 [orc priest/divine providence (15)]
  9958 | D:9      | HP: 12/89 [orc priest/divine providence (11)]
  9962 | D:9      | Killed a tengu warrior
  9962 | D:9      | Reached skill level 2 in Dodging
 10420 | D:9      | Reached skill level 3 in Dodging
 10422 | D:9      | Reached **** piety under Okawaru
 10624 | D:9      | Reached skill level 10 in Fighting
 10749 | D:10     | Entered Level 10 of the Dungeon
 10790 | D:10     | Found a staircase to the Lair.
 10865 | D:10     | Noticed Harold
 10877 | D:10     | Killed Harold
 10877 | D:10     | Reached skill level 9 in Axes
 11053 | D:10     | Noticed Urug
 11066 | D:10     | Killed Urug
 11066 | D:10     | Reached skill level 11 in Shields
 11259 | D:10     | Found Mole's Book Emporium.
 11289 | D:10     | Reached ***** piety under Okawaru
 11289 | D:10     | Reached skill level 4 in Dodging
 11352 | D:10     | Found an ancient bone altar of Kikubaaqudgha.
 11594 | D:11     | Noticed a two-headed ogre
 11603 | D:10     | Killed a two-headed ogre
 11703 | D:11     | Reached XP level 12. HP: 87/98 MP: 12/12
 11940 | D:11     | Received a gift from Okawaru
 11947 | D:11     | Reached skill level 5 in Dodging
 12081 | D:11     | Found a shimmering altar of Xom.
 12092 | D:11     | Reached skill level 11 in Fighting
 12377 | Lair:1   | Entered Level 1 of the Lair of Beasts
 12382 | Lair:1   | Identified a scroll of acquirement
 12411 | Lair:1   | Found a gate leading to a gauntlet.
 12440 | Lair:1   | Reached skill level 10 in Axes
 12553 | Gauntlet | Entered a Gauntlet
 12553 | Gauntlet | Found a transporter.
 12559 | Gauntlet | Noticed a death ooze
 12562 | Gauntlet | Found a transporter.
 12577 | Gauntlet | Found a transporter.
 12578 | Gauntlet | Found a transporter.
 12589 | Gauntlet | Found a transporter.
 12607 | Gauntlet | Found a transporter.
 12615 | Gauntlet | Found a transporter.
 12619 | Gauntlet | Found a transporter.
 12628 | Gauntlet | Found a runed translucent door.
 12638 | Gauntlet | Found a transporter.
 12657 | Gauntlet | Found a transporter.
 12663 | Gauntlet | Found a transporter.
 12665 | Gauntlet | Noticed a great orb of eyes
 12668 | Gauntlet | Found a transporter.
 12921 | Gauntlet | Killed a death ooze
 12921 | Gauntlet | Reached skill level 12 in Shields
 13165 | Gauntlet | Got a vibrating lead ring
 13172 | Gauntlet | Identified the ring of Duiso {Ice Str+2 Dex+3} (You found
                  | it in a Gauntlet)
 13202 | Gauntlet | Gained mutation: Your body sometimes deteriorates upon
                  | taking damage. [a neqoxec]
 13261 | Gauntlet | Identified the ring of the Eight Ears {rElec MR+}
 13261 | Gauntlet | Noticed a minotaur
 13274 | Gauntlet | Killed a minotaur
 13274 | Gauntlet | Reached skill level 6 in Dodging
 13284 | Gauntlet | Got a faintly glowing diamond amulet
 13293 | Gauntlet | Acquired a manual of Fighting
 13492 | Lair:1   | Reached skill level 12 in Fighting
 13540 | Lair:1   | Found a runed translucent door.
 13540 | Lair:1   | Found a shimmering altar of Xom.
 13540 | Lair:1   | Noticed Whiskey's ghost (journeyman FoFi)
 13540 | Lair:1   | Noticed a +0 morningstar of chaos
 13805 | Lair:1   | Reached XP level 13. HP: 108/108 MP: 13/13
 14080 | Lair:1   | Killed Whiskey's ghost
 14219 | Lair:2   | Received a gift from Okawaru
 14225 | Lair:2   | Reached skill level 13 in Fighting
 14508 | Lair:2   | Reached ****** piety under Okawaru
 14521 | Lair:2   | Reached skill level 7 in Dodging
 14883 | Lair:2   | Reached skill level 11 in Axes
 14887 | Lair:2   | Reached skill level 13 in Shields
 14937 | Lair:2   | Reached skill level 14 in Fighting
 15067 | Lair:2   | Noticed a seven-headed hydra
 15077 | Lair:2   | Killed a 14-headed hydra
 15372 | Lair:2   | Found a staircase to the Shoals.
 15376 | Lair:2   | Received a gift from Okawaru
 15405 | Lair:2   | Identified the amulet "Seuhigo" {Spirit rF+ Stlth+} (You
                  | found it in a Gauntlet)
 16133 | Lair:3   | Reached skill level 15 in Fighting
 16255 | Lair:3   | You fall into a shaft and drop 3 floors!
 16255 | Lair:6   | Entered Level 6 of the Lair of Beasts
 16284 | Lair:6   | Reached XP level 14. HP: 100/123 MP: 14/14
 16337 | Lair:6   | Received a gift from Okawaru
 16419 | Lair:6   | Reached skill level 8 in Dodging
 16535 | Lair:6   | Reached skill level 16 in Fighting
 16602 | Lair:6   | Received a gift from Okawaru
 17020 | Lair:5   | Reached skill level 14 in Shields
 17055 | Lair:5   | Found a dark tunnel.
 17105 | Volcano  | Entered a volcano
 17252 | Volcano  | Reached skill level 17 in Fighting
 17257 | Volcano  | Received a gift from Okawaru
 17257 | Volcano  | Reached skill level 12 in Axes
 17258 | Volcano  | Got a warped scale mail {god gift}
 17405 | Volcano  | Identified the +5 scale mail of Loss {Str+4} (Okawaru
                  | gifted it to you in a volcano)
 17793 | Lair:4   | Reached XP level 15. HP: 97/134 MP: 15/15
 17796 | Lair:4   | Reached skill level 9 in Dodging
 18390 | Lair:4   | Found a staircase to the Snake Pit.
 19146 | Lair:5   | Received a gift from Okawaru
 19279 | Lair:5   | Reached skill level 18 in Fighting
 19829 | Lair:6   | Found a viscous altar of Jiyva.
 19830 | Lair:6   | Found a staircase to the Slime Pits.
 20896 | Lair:6   | Received a gift from Okawaru
 20915 | Lair:6   | Identified a +1 pair of boots of running (Okawaru gifted it
                  | to you on level 6 of the Lair of Beasts)
 21321 | Lair:6   | HP: 24/137 [drowned by a drowned soul[a merfolk avatar]
                  | (15)]
 21328 | Lair:6   | HP: 25/137 [drowned by a drowned soul[a merfolk avatar]
                  | (12)]
 21333 | Lair:6   | HP: 11/137 [drowned by a drowned soul[a merfolk avatar]
                  | (13)]
 21336 | Lair:6   | HP: 4/137 [drowned by a drowned soul[a merfolk avatar]
                  | (17)]
 21337 | Lair:6   | Drowned by a drowned soul

Illustrated notes

Levels and vault maps discovered:
D:1:      saegor_arrival_fortress, layout_basic
D:2:      layout_loops_ring, lemuel_coloured_pillars_altar,
          nicolae_dithmenos_through_a_glass_darkly, minmay_snake_closets
D:3:      layout_basic, chequers_ecumenical_altar_twisty, grunt_ministairs_2
D:4:      layout_rooms, minmay_misc_feat_iff
D:5:      layout_gridville, old_standard_altar, lemuel_round_altar,
          serial_shops, shop, lightli_ossuary_entry_decrepit_ruins,
          uniq_crazy_yiuf_cottage, uniq_prince_ribbit1, uniq_sigmund
D:6:      layout_rooms, lemuel_round_altar, yredelemnul_forgotten_temple_becter,
          tso_oasis_becter, minmay_temple_entry_trees,
          kennysheep_generic_room_14
D:7:      layout_loops_corners, elyvilon_altar_5, fedhas_altar_1,
          chequers_guarded_unrand_ignorance
D:8:      layout_loops_ring, xom_confusion_cloud
D:9:      layout_loops_corners, kennysheep_minor_cross, nrook_campfire
D:10:     layout_basic, lair_entry_dummy, serial_shops,
          nicolae_shop_behind_doors, basic_altar, corexii_corridor_pit,
          lemuel_old_faithful, uniq_urug, uniq_harold
D:11:     layout_cave_pools, basic_altar
Temple:   hc_temple_tempest_star
Lair:1:   layout_gridlike, ebering_ghost_xom, gauntlet_entry_generic,
          st_stairs_13
Lair:2:   layout_layer_cave, minmay_shoals_entry_centaurs
Lair:3:   layout_roguey
Lair:4:   layout_gridlike, minmay_snake_entry_six_corridors, beast_lair_carwin_8
Lair:5:   layout_regular_city, nicolae_volcano_entry_hallway
Lair:6:   gammafunk_lair_ancient_temple, layout_layer_cave, slime_altar_1

Skill      XL: |  1  2  3  4  5  6  7  8  9 10 11 12 13 14 15 |
---------------+----------------------------------------------+-----
Shields        | 4 5 6 7 8 10 11 12 13 14 | 14.9
Armour         | 4 5 6 7 9 |  9.0
Fighting       | 4 5 6 7 9 10 12 15 17 18 | 18.3
Axes           | 3 4 5 6 8 9 10 11 12 | 12.7
Dodging        | 1 4 6 7 8 9 |  9.7
Invocations    | |  0.4

Action                   |  1- 3 |  4- 6 |  7- 9 | 10-12 | 13-15 || total
-------------------------+-------+-------+-------+-------+-------++-------
Melee: War axe           |    76 |   131 |   357 |    60 |       ||   624
       Battleaxe         |       |       |       |   477 |   745 ||  1222
Throw: Javelin           |       |       |    14 |     2 |     2 ||    18
Invok: Heroism           |       |       |       |     2 |     1 ||     3
  Use: Scroll            |       |       |       |    23 |     7 ||    30
       Potion            |       |       |       |     4 |     6 ||    10
Armor: Scale mail        |    26 |    79 |    73 |    36 |       ||   214
       Ring mail         |       |       |       |   114 |   277 ||   391
Dodge: Dodged            |    25 |    63 |    99 |   150 |   335 ||   672
Block: Kite shield       |    50 |   100 |   345 |   543 |   832 ||  1870
       Reflection        |       |     1 |     9 |    25 |    17 ||    52

Table legend: (Time is in decaauts)
 A = Elapsed time spent in this place.
 B = Non-inter-level travel time spent in this place.
 C = Inter-level travel time spent in this place.
 D = Time resting spent in this place.
 E = Time spent auto-exploring this place.
 F = Levels seen in this place.
 G = Mean time per level.
                   A        B        C        D        E       F      G
               +--------+--------+--------+--------+--------+-----+--------+
         Total |  21756 |  20934 |    822 |   2483 |  13916 |  21 | 1036.0 |
       Dungeon |  11830 |  11493 |    337 |   1467 |   7863 |  11 | 1075.5 |
        Temple |    344 |    293 |     51 |      0 |    291 |   1 |  344.0 |
          Lair |   7935 |   7501 |    434 |    556 |   5375 |   6 | 1322.5 |
       Ossuary |    544 |    544 |      0 |    179 |    216 |   1 |  544.0 |
       Volcano |    340 |    340 |      0 |     47 |     37 |   1 |  340.0 |
      Gauntlet |    761 |    761 |      0 |    234 |    133 |   1 |  761.0 |
               +--------+--------+--------+--------+--------+-----+--------+

Top non-repeatable levels by time:
  Lair:6: 1757 daAuts
  Lair:2: 1591 daAuts
     D:4: 1525 daAuts
  Lair:4: 1422 daAuts
     D:9: 1401 daAuts
     D:5: 1196 daAuts
     D:3: 1159 daAuts
  Lair:1: 1151 daAuts
     D:7: 1127 daAuts
     D:6: 1087 daAuts
  Lair:3: 1029 daAuts
  Lair:5: 983 daAuts
     D:2: 973 daAuts
     D:8: 932 daAuts
    D:10: 878 daAuts

Table legend:
 A = Kills in this place as a percentage of kills in entire the game.
 B = Kills by you in this place as a percentage of kills by you in the entire game.
 C = Kills by friends in this place as a percentage of kills by friends in the entire game.
 D = Other kills in this place as a percentage of other kills in the entire game.
 E = Experience gained in this place as a percentage of experience gained in the entire game.
 F = Experience gained in this place divided by the number of levels of this place that you have seen.
                   A       B       C       D       E      F
               +-------+-------+-------+-------+-------+----------------------
         Total | 100.0 | 100.0 |   N/A |   N/A | 100.0 | 4605.7
       Dungeon |  49.0 |  49.0 |   N/A |   N/A |  20.2 | 1780.2
          Lair |  44.6 |  44.6 |   N/A |   N/A |  71.6 | 11543.2
       Ossuary |   2.8 |   2.8 |   N/A |   N/A |   0.2 | 151.0
       Volcano |   2.3 |   2.3 |   N/A |   N/A |   4.3 | 4151.0
      Gauntlet |   1.2 |   1.2 |   N/A |   N/A |   3.7 | 3577.0
               +-------+-------+-------+-------+-------+----------------------
